Dernière mise à jour: 2025-12-07 16:11:59
% Time on Ice - CALGARY FIREMEN
Lines # - Real PCT - Wanted PCT - Time Play
Normal Forward
1 - 32% - 36% - 16:17
2 - 28% - 31% - 14:12
3 - 27% - 23% - 13:56
4 - 13% - 10% - 6:27
Normal Defense
1 - 35% - 36% - 17:55
2 - 33% - 31% - 16:56
3 - 25% - 23% - 12:50
4 - 6% - 10% - 3:11
PP Forward
1 - 58% - 55% - 2:17
2 - 42% - 45% - 1:41
PP Defense
1 - 58% - 55% - 2:17
2 - 42% - 45% - 1:41
PK Forward
1 - 62% - 55% - 3:11
2 - 38% - 45% - 1:59
PK Defense
1 - 62% - 55% - 3:13
2 - 38% - 45% - 1:57
PK3 Forward
1 - 0% - 55%
2 - 0% - 45%
PK3 Defense
1 - 0% - 55%
2 - 0% - 45%
44 Forward
1 - 0% - 55%
2 - 0% - 45%
44 Defense
1 - 0% - 55%
2 - 0% - 45%
Last Minute Offensive  - 0:00
Last Minute Defensive  - 0:00
Total
Forward - 60:00
Defense - 60:00
% Time on Ice - UTAH ICE BEARS
Lines # - Real PCT - Wanted PCT - Time Play
Normal Forward
1 - 33% - 35% - 16:52
2 - 35% - 35% - 18:03
3 - 25% - 25% - 12:28
4 - 7% - 5% - 3:29
Normal Defense
1 - 37% - 37% - 18:55
2 - 34% - 34% - 17:15
3 - 27% - 29% - 13:52
4 - 2% - 0% - 0:50
PP Forward
1 - 64% - 55% - 3:17
2 - 36% - 45% - 1:53
PP Defense
1 - 64% - 55% - 3:18
2 - 36% - 45% - 1:52
PK Forward
1 - 67% - 55% - 2:39
2 - 33% - 45% - 1:19
PK Defense
1 - 48% - 55% - 1:54
2 - 52% - 45% - 2:04
PK3 Forward
1 - 0% - 55%
2 - 0% - 45%
PK3 Defense
1 - 0% - 55%
2 - 0% - 45%
44 Forward
1 - 0% - 55%
2 - 0% - 45%
44 Defense
1 - 0% - 55%
2 - 0% - 45%
Last Minute Offensive  - 0:00
Last Minute Defensive  - 0:00
Total
Forward - 60:00
Defense - 60:00
Play-by-Play 1st period 0:01 of 1st period - Calle Jarnkrok wins face-off versus Evgeni Malkin in neutral zone. 0:16 of 1st period - Shot by Evgeni Malkin. 0:16 of 1st period - Deflect By Matthew Tkachuk. 0:16 of 1st period - Stopped by Marc-Andre Fleury with a rebound. 0:18 of 1st period - Shot by MacKenzie Weegar. 0:18 of 1st period - Shot Misses the Net. 0:20 of 1st period - Shot by MacKenzie Weegar. 0:20 of 1st period - Shot Blocked by Jared Spurgeon. 0:22 of 1st period - Shot by Kristopher Letang. 0:22 of 1st period - Shot Misses the Net. 0:24 of 1st period - Shot by Evgeni Malkin. 0:24 of 1st period - Deflect By Jordan Eberle. 0:24 of 1st period - Shot Misses the Net. 0:32 of 1st period - Shot by Evgeni Malkin. 0:32 of 1st period - Deflect By Matthew Tkachuk. 0:32 of 1st period - Shot Misses the Net. 0:42 of 1st period - Shot by Matthew Tkachuk. 0:42 of 1st period - Shot Blocked by Andrew Copp. 0:44 of 1st period - Shot by MacKenzie Weegar. 0:44 of 1st period - Stopped by Marc-Andre Fleury without a rebound. 0:45 of 1st period - Casey Mittelstadt wins face-off versus Jack Drury in CALGARY FIREMEN zone. 0:59 of 1st period - Icing by Rasmus Sandin. 1:00 of 1st period - Morgan Frost wins face-off versus Jack Drury in CALGARY FIREMEN zone. 1:08 of 1st period - Jack Drury is hit by Morgan Frost and loses puck. 1:36 of 1st period - Shot by Morgan Frost. 1:36 of 1st period - Stopped by Marc-Andre Fleury without a rebound. 1:37 of 1st period - Casey Mittelstadt wins face-off versus Tyler Johnson in CALGARY FIREMEN zone. 1:58 of 1st period - Shot by Alexander Ovechkin. 1:58 of 1st period - Stopped by Marc-Andre Fleury without a rebound. 1:59 of 1st period - Matthew Beniers wins face-off versus Brett Howden in CALGARY FIREMEN zone. 1:59 of 1st period - Andrew Mangiapane is hit by Jake McCabe and loses puck. 2:06 of 1st period - Shot by Kristopher Letang. 2:06 of 1st period - Shot Misses the Net. 2:08 of 1st period - Shot by Kristopher Letang. 2:08 of 1st period - Shot Blocked by Jake McCabe. 2:10 of 1st period - Shot by Andrew Mangiapane. 2:10 of 1st period - Shot Misses the Net. 2:12 of 1st period - Shot by MacKenzie Weegar. 2:12 of 1st period - Shot Misses the Net. 2:58 of 1st period - Mason Marchment is hit by Casey Mittelstadt and loses puck. 3:13 of 1st period - Shot by Lucas Raymond. 3:13 of 1st period - Shot Blocked by Brett Howden. 3:31 of 1st period - Minor Penalty to Jake McCabe for Interference. 3:32 of 1st period - Matthew Tkachuk wins face-off versus Jack Drury in CALGARY FIREMEN zone. 3:48 of 1st period - Shot by MacKenzie Weegar. 3:48 of 1st period - Shot Blocked by Ryan Graves. 3:50 of 1st period - Shot by Kristopher Letang. 3:50 of 1st period - Goal by Kristopher Letang - CALGARY FIREMEN : 0 - UTAH ICE BEARS : 1. 3:51 of 1st period - Ryan Johansen wins face-off versus Morgan Frost in neutral zone. 3:58 of 1st period - Shot by Isac Lundestrom. 3:58 of 1st period - Shot Misses the Net. 4:00 of 1st period - Shot by Tyler Johnson. 4:00 of 1st period - Stopped by Thatcher Demko without a rebound. 4:01 of 1st period - Evgeni Malkin wins face-off versus Jack Drury in UTAH ICE BEARS zone. 4:09 of 1st period - Off-side. 4:10 of 1st period - Evgeni Malkin wins face-off versus Ryan Johansen in neutral zone. 4:25 of 1st period - Shot by Evgeni Malkin. 4:25 of 1st period - Shot Misses the Net. 4:57 of 1st period - Icing by Evgeni Malkin. 4:58 of 1st period - Michael McCarron wins face-off versus Evgeni Malkin in UTAH ICE BEARS zone. 5:00 of 1st period - Jack Drury is hit by MacKenzie Weegar and loses puck. 5:09 of 1st period - Shot by Matthew Tkachuk. 5:09 of 1st period - Stopped by Marc-Andre Fleury without a rebound. 5:10 of 1st period - Morgan Frost wins face-off versus Andrew Copp in CALGARY FIREMEN zone. 5:15 of 1st period - Shot by Morgan Frost. 5:15 of 1st period - Stopped by Marc-Andre Fleury without a rebound. 5:16 of 1st period - Andrew Copp wins face-off versus Casey Mittelstadt in CALGARY FIREMEN zone. 5:34 of 1st period - Shot by Alexander Ovechkin. 5:34 of 1st period - Stopped by Marc-Andre Fleury without a rebound. 5:35 of 1st period - Jack Drury wins face-off versus Morgan Frost in CALGARY FIREMEN zone. 6:03 of 1st period - Icing by David Savard. 6:04 of 1st period - Andrew Copp wins face-off versus Morgan Frost in UTAH ICE BEARS zone. 7:24 of 1st period - Shot by Tyler Johnson. 7:24 of 1st period - Shot Hit the Post. 7:28 of 1st period - Shot by Isac Lundestrom. 7:28 of 1st period - Shot Misses the Net. 7:35 of 1st period - Icing by MacKenzie Weegar. 7:36 of 1st period - Casey Mittelstadt wins face-off versus Jack Drury in UTAH ICE BEARS zone. 7:56 of 1st period - Shot by Jack Drury. 7:56 of 1st period - Stopped by Thatcher Demko with a rebound. 7:58 of 1st period - Shot by Martin Fehervary. 7:58 of 1st period - Shot Misses the Net. 8:37 of 1st period - Shot by Matthew Tkachuk. 8:37 of 1st period - Shot Misses the Net. 9:06 of 1st period - Shot by Evgeni Malkin. 9:06 of 1st period - Deflect By Matthew Tkachuk. 9:06 of 1st period - Shot Blocked by Andrew Copp. 9:13 of 1st period - Icing by Jake McCabe. 9:14 of 1st period - Andrew Copp wins face-off versus Morgan Frost in CALGARY FIREMEN zone. 9:14 of 1st period - Andrew Copp is hit by Morgan Frost. 10:03 of 1st period - Shot by Ryan Graves. 10:03 of 1st period - Stopped by Thatcher Demko without a rebound. 10:04 of 1st period - Evgeni Malkin wins face-off versus Ryan Johansen in UTAH ICE BEARS zone. 10:11 of 1st period - Shot by Evgeni Malkin. 10:11 of 1st period - Stopped by Marc-Andre Fleury without a rebound. 10:12 of 1st period - Evgeni Malkin wins face-off versus Ryan Johansen in CALGARY FIREMEN zone. 10:15 of 1st period - Shot by Matthew Tkachuk. 10:15 of 1st period - Stopped by Marc-Andre Fleury without a rebound. 10:16 of 1st period - Evgeni Malkin wins face-off versus Isac Lundestrom in CALGARY FIREMEN zone. 10:30 of 1st period - Off-side. 10:31 of 1st period - Casey Mittelstadt wins face-off versus Andrew Copp in neutral zone. 12:05 of 1st period - Shot by Matthew Tkachuk. 12:05 of 1st period - Shot Misses the Net. 12:37 of 1st period - Minor Penalty to Gustav Lindstrom for Hooking. 12:38 of 1st period - Andrew Copp wins face-off versus Lucas Raymond in CALGARY FIREMEN zone. 13:42 of 1st period - Icing by Matthew Tkachuk. 13:43 of 1st period - Evgeni Malkin wins face-off versus Mason Marchment in UTAH ICE BEARS zone. 14:09 of 1st period - Shot by Matthew Tkachuk. 14:09 of 1st period - Shot Misses the Net. 14:11 of 1st period - Shot by Artem Zub. 14:11 of 1st period - Shot Blocked by Jared Spurgeon. 14:13 of 1st period - Shot by Artem Zub. 14:13 of 1st period - Stopped by Marc-Andre Fleury without a rebound. 14:14 of 1st period - Morgan Frost wins face-off versus Mason Marchment in CALGARY FIREMEN zone. 14:26 of 1st period - Shot by MacKenzie Weegar. 14:26 of 1st period - Shot Misses the Net. 14:28 of 1st period - Shot by Kristopher Letang. 14:28 of 1st period - Shot Blocked by Rasmus Sandin. 14:30 of 1st period - Shot by Kristopher Letang. 14:30 of 1st period - Stopped by Marc-Andre Fleury without a rebound. 14:31 of 1st period - Evgeni Malkin wins face-off versus Jack Drury in CALGARY FIREMEN zone. 15:00 of 1st period - Shot by Luke Evangelista. 15:00 of 1st period - Deflect By Matthew Beniers. 15:00 of 1st period - Stopped by Marc-Andre Fleury with a rebound. 15:02 of 1st period - Shot by William Villeneuve. 15:02 of 1st period - Shot Blocked by Martin Fehervary. 15:06 of 1st period - Shot by Matthew Beniers. 15:06 of 1st period - Stopped by Marc-Andre Fleury without a rebound. 15:07 of 1st period - Ryan Johansen wins face-off versus Evgeni Malkin in CALGARY FIREMEN zone. 15:07 of 1st period - Ryan Johansen is hit by Matthew Tkachuk. 15:13 of 1st period - Kristopher Letang is hit by Ryan Johansen and loses puck. 15:25 of 1st period - Icing by Ryan Johansen. 15:26 of 1st period - Morgan Frost wins face-off versus Ryan Johansen in CALGARY FIREMEN zone. 15:33 of 1st period - Shot by Morgan Frost. 15:33 of 1st period - Shot Misses the Net. 15:40 of 1st period - Icing by Jacob Bryson. 15:41 of 1st period - Evgeni Malkin wins face-off versus Ryan Johansen in CALGARY FIREMEN zone. 15:41 of 1st period - Jordan Eberle is hit by Jake McCabe and loses puck. 15:47 of 1st period - Evgeni Malkin is hit by Jake McCabe and loses puck. 15:48 of 1st period - Minor Penalty to Jake McCabe for Roughing. 15:49 of 1st period - Evgeni Malkin wins face-off versus Jack Drury in CALGARY FIREMEN zone. 16:13 of 1st period - Icing by MacKenzie Weegar. 16:14 of 1st period - Evgeni Malkin wins face-off versus Mason Marchment in UTAH ICE BEARS zone. 16:45 of 1st period - Shot by Evgeni Malkin. 16:45 of 1st period - Stopped by Marc-Andre Fleury without a rebound. 16:46 of 1st period - Morgan Frost wins face-off versus Jack Drury in CALGARY FIREMEN zone. 18:10 of 1st period - Matthew Beniers is hit by Ryan Graves and loses puck. 19:00 of 1st period - Shot by Matthew Tkachuk. 19:00 of 1st period - Shot Blocked by Ryan Graves. 19:14 of 1st period - Shot by Matthew Tkachuk. 19:14 of 1st period - Stopped by Marc-Andre Fleury without a rebound. 19:15 of 1st period - Jack Drury wins face-off versus Casey Mittelstadt in CALGARY FIREMEN zone. 19:15 of 1st period - Jack Drury is hit by Alexander Ovechkin. 19:26 of 1st period - Shot by Lucas Raymond. 19:26 of 1st period - Stopped by Marc-Andre Fleury without a rebound. 19:27 of 1st period - Evgeni Malkin wins face-off versus Ryan Johansen in CALGARY FIREMEN zone. Goals for this period are 0 for CALGARY FIREMEN vs 1 for UTAH ICE BEARS. Shots for this period are 3 for CALGARY FIREMEN vs 17 for UTAH ICE BEARS. 2nd period 0:01 of 2nd period - Casey Mittelstadt wins face-off versus Andrew Copp in neutral zone. 1:12 of 2nd period - Shot by Yakov Trenin. 1:12 of 2nd period - Stopped by Thatcher Demko without a rebound. 1:13 of 2nd period - Ryan Johansen wins face-off versus Evgeni Malkin in UTAH ICE BEARS zone. 1:29 of 2nd period - Matthew Tkachuk is hit by Ryan Graves and loses puck. 2:13 of 2nd period - Off-side. 2:14 of 2nd period - Alexander Ovechkin wins face-off versus Jack Drury in neutral zone. 2:23 of 2nd period - Shot by Lucas Raymond. 2:23 of 2nd period - Shot Blocked by Martin Fehervary. 3:21 of 2nd period - Minor Penalty to Matias Maccelli for Hooking. 3:22 of 2nd period - Ryan Johansen wins face-off versus Morgan Frost in UTAH ICE BEARS zone. 3:23 of 2nd period - Shot by Jake McCabe. 3:23 of 2nd period - Shot Misses the Net. 3:38 of 2nd period - Shot by Calle Jarnkrok. 3:38 of 2nd period - Shot Misses the Net. 4:54 of 2nd period - Kevin Bahl is hit by Mason Marchment and loses puck. 5:16 of 2nd period - Icing by Jake McCabe. 5:17 of 2nd period - Morgan Frost wins face-off versus Ryan Johansen in CALGARY FIREMEN zone. 5:49 of 2nd period - Icing by Gustav Lindstrom. 5:50 of 2nd period - Evgeni Malkin wins face-off versus Brett Howden in CALGARY FIREMEN zone. 6:14 of 2nd period - Evgeni Malkin is hit by Brett Howden and loses puck. 6:50 of 2nd period - Shot by John-Jason Peterka. 6:50 of 2nd period - Deflect By Morgan Frost. 6:50 of 2nd period - Shot Misses the Net. 7:00 of 2nd period - Icing by Brett Howden. 7:01 of 2nd period - Brett Howden wins face-off versus Casey Mittelstadt in CALGARY FIREMEN zone. 7:08 of 2nd period - Shot by Lucas Raymond. 7:08 of 2nd period - Shot Misses the Net. 7:21 of 2nd period - Icing by Kristopher Letang. 7:22 of 2nd period - Casey Mittelstadt wins face-off versus Andrew Copp in UTAH ICE BEARS zone. 7:57 of 2nd period - Off-side. 7:58 of 2nd period - Morgan Frost wins face-off versus Tyler Johnson in neutral zone. 8:11 of 2nd period - Shot by Tyler Johnson. 8:11 of 2nd period - Deflect By Isac Lundestrom. 8:11 of 2nd period - Stopped by Thatcher Demko without a rebound. 8:12 of 2nd period - Ryan Johansen wins face-off versus Jordan Eberle in UTAH ICE BEARS zone. 8:22 of 2nd period - Icing by Rasmus Sandin. 8:23 of 2nd period - Morgan Frost wins face-off versus Ryan Johansen in CALGARY FIREMEN zone. 8:23 of 2nd period - Morgan Frost is hit by Rasmus Sandin. 8:26 of 2nd period - Matias Maccelli is hit by Ryan Graves and loses puck. 9:27 of 2nd period - Icing by Mason Marchment. 9:28 of 2nd period - Evgeni Malkin wins face-off versus Andrew Copp in CALGARY FIREMEN zone. 10:06 of 2nd period - Jake McCabe is hit by Matthew Tkachuk and loses puck. 10:15 of 2nd period - Kristopher Letang is hit by Calle Jarnkrok and loses puck. 10:25 of 2nd period - Off-side. 10:26 of 2nd period - Ryan Johansen wins face-off versus Casey Mittelstadt in neutral zone. 10:28 of 2nd period - Off-side. 10:29 of 2nd period - Casey Mittelstadt wins face-off versus Ryan Johansen in neutral zone. 10:52 of 2nd period - Alexander Ovechkin is hit by Ryan Graves and loses puck. 11:08 of 2nd period - Alexander Ovechkin is hit by Ryan Graves and loses puck. 11:12 of 2nd period - Icing by Ryan Graves. 11:13 of 2nd period - Ryan Johansen wins face-off versus